Devils vs Bruins
Created - May 19, 2024 at 23:28
Goals
|
| Devils |
1 |
2 |
0 |
1 |
4 |
| Bruins |
2 |
1 |
0 |
0 |
3 |
|
Shots
|
| Devils |
7 |
12 |
3 |
3 |
25 |
| Bruins |
6 |
11 |
17 |
2 |
36 |
|
1st period
1. Bruins , Jonathan Toews 2 (Wojtek Wolski 2, Torey Krug 4) at 6:52
2. Devils , Ondrej Kase 2 (Brayden Point 3) at 7:44
3. Bruins , Torey Krug 1 (Wojtek Wolski 3, Radek Faksa 1) at 7:53 (SH)
Penalties :
Torey Krug (Bos) for Holding (Minor) at 0:43, Zack Kassian (Bos) for High sticking (Minor) at 7:47
2nd period
4. Devils , Jonathan Huberdeau 3 (Logan Shaw 1, Matt Donovan 2) at 0:48
5. Devils , Ondrej Kase 3 (Brayden Point 4, Sven Baertschi 2) at 2:11
6. Bruins , Wojtek Wolski 2 (Jonathan Toews 2) at 6:33
Penalties :
No Penalty
3rd period
No Goal
Penalties :
Mark Stone (Bos) for Tripping (Minor) at 3:19, Adam Pelech (Bos) for Holding Stick (Minor) at 10:08, Michael Del Zotto (N.J) for Holding (Minor) at 14:30
Overtime #1
7. Devils , Brayden Point 1 (Nazem Kadri 4, Tyler Ennis 3) at 1:52 (PP)
Penalties :
Zack Kassian (Bos) for High sticking (Minor) at 1:37
Goalie Stats
Thomas McCollum (N.J), 33 saves from 36 shots - (0.917), W, 4-0-0, 61:52 minutes
Kevin Poulin (Bos), 21 saves from 25 shots - (0.840), OTL, 2-3-1, 61:52 minutes
Players Stats for Devils
Player Name G A P +/- PIM S H SB GA TA FO MP PP MP PK MP
------------------------------------------------------------------------------------
Anton Lander 0 0 0 0 0 0 0 2 2 0 1/2 10:06 0:00 1:07
Anton Stralman 0 0 0 -1 0 0 1 0 1 0 0/0 20:33 0:00 0:56
Brandon Carlo 0 0 0 0 0 1 1 0 0 0 0/0 16:42 0:00 0:56
Brayden Point 1 2 3 1 0 3 3 0 0 1 2/7 16:46 4:36 0:19
Eric Tangradi 0 0 0 0 0 0 0 1 0 0 0/0 10:12 0:00 1:07
Jonathan Huberdeau 1 0 1 -1 0 2 1 0 0 2 0/0 17:35 3:31 0:31
Kristopher Letang 0 0 0 -2 0 2 2 1 1 0 0/0 24:10 5:10 0:00
Logan Shaw 0 1 1 -1 0 2 2 0 0 1 0/1 13:55 0:00 0:00
Matt Donovan 0 1 1 2 0 2 0 2 0 0 0/0 21:00 3:00 1:03
Michael Del Zotto 0 0 0 -1 2 1 1 1 1 1 0/0 20:22 5:10 0:00
Nail Yakupov 0 0 0 0 0 0 1 2 0 0 0/0 9:37 0:03 0:00
Nazem Kadri 0 1 1 -1 0 2 4 1 1 3 10/24 22:15 4:39 0:21
Nick Palmieri 0 0 0 0 0 0 1 1 0 1 1/1 17:26 0:00 0:12
Ondrej Kase 2 0 2 2 0 4 2 0 1 0 0/0 14:51 3:31 0:00
Sean Monahan 0 0 0 -1 0 1 2 0 0 2 9/17 17:04 3:31 0:00
Sven Baertschi 0 1 1 2 0 1 2 0 0 0 0/1 11:31 0:00 0:00
Thomas Hickey 0 0 0 2 0 3 1 0 0 0 0/0 21:00 3:00 1:03
Tyler Ennis 0 1 1 -1 0 1 1 0 0 0 1/1 22:15 4:39 0:21
Players Stats for Bruins
Player Name G A P +/- PIM S H SB GA TA FO MP PP MP PK MP
------------------------------------------------------------------------------------
Adam Pelech 0 0 0 0 2 0 2 0 1 0 0/0 13:05 0:00 1:12
Alexander Wennberg 0 0 0 -1 0 1 1 0 2 0 11/22 18:24 0:52 0:27
Andreas Athanasiou 0 0 0 0 0 0 1 0 0 0 0/0 7:26 0:00 0:00
Brendan Smith 0 0 0 -2 0 1 2 0 0 1 0/0 20:52 1:00 3:45
Casey Cizikas 0 0 0 -1 0 4 0 0 0 0 3/5 13:06 0:00 0:00
Craig Smith 0 0 0 1 0 2 2 0 1 0 1/1 14:30 0:52 0:00
Eric Wellwood 0 0 0 -1 0 2 0 0 1 0 0/0 14:34 0:00 1:09
Gabriel Landeskog 0 0 0 -1 0 4 1 0 1 1 1/1 20:57 0:52 2:31
Jason Demers 0 0 0 2 0 2 2 3 0 2 0/0 28:43 0:59 4:25
Jonathan Toews 1 1 2 1 0 3 1 0 2 0 7/14 17:59 1:07 2:31
Josh Manson 0 0 0 0 0 1 0 0 0 0 0/0 12:28 0:00 0:00
Madison Bowey 0 0 0 -2 0 3 1 0 0 1 0/0 20:41 1:00 3:45
Mark Stone 0 0 0 -1 2 2 0 0 0 0 0/0 13:04 0:00 0:00
Radek Faksa 0 1 1 1 0 0 2 1 0 1 4/7 9:18 0:00 2:07
Taylor Beck 0 0 0 0 0 3 1 0 0 0 0/0 7:05 0:00 0:00
Torey Krug 1 1 2 2 2 2 1 1 0 0 0/0 28:00 0:59 3:13
Wojtek Wolski 1 2 3 2 0 4 1 0 2 1 0/0 19:16 1:07 4:30
Zack Kassian 0 0 0 -1 4 2 3 0 1 0 3/4 21:37 1:07 3:05
3 Stars
1 - Ondrej Kase (N.J)
2 - Brayden Point (N.J)
3 - Wojtek Wolski (Bos)
Power Play
Devils - 1 on 5 Attempt(s) - 20.00%
Bruins - 0 on 1 Attempt(s) - 0.00%
Penalty Kill
Devils - 1 on 1 Attempt(s) - 100.00%
- Score 0 goal in Penalty Kill
Bruins - 4 on 5 Attempt(s) - 80.00%
- Score 1 goal in Penalty Kill
Team Stat
Devils - Hits : 25 - Faceoff Wins : 24 - Blocked Shots : 11 - Penalty Minutes : 2
Bruins - Hits : 21 - Faceoff Wins : 30 - Blocked Shots : 5 - Penalty Minutes : 10
Official
Referees : Eric Furlatt and Garrett Rank
Linesman : Jesse Marquis and Shandor Alphonso
Game Notes
No Game Note
Finance
Level 1 -- Attendance: 6000 (100.00%) -- Ticket Income $600,000
Level 2 -- Attendance: 5000 (100.00%) -- Ticket Income $300,000
Level 3 -- Attendance: 2000 (100.00%) -- Ticket Income $70,000
Level 4 -- Attendance: 4000 (100.00%) -- Ticket Income $100,000
Luxury Box -- Attendance: 1000 (100.00%) -- Ticket Income $200,000
Game was played at the TD Garden.
Total Attendance: 18000 (100.00%)
Total Ticket Income: $1,270,000
Other Income: $190,500
Total Income: $1,460,500
Devils
5 vs 5 Forward
Center Left Wing Right Wing Time % Phy DF OF
1 Nazem Kadri Tyler Ennis Nick Palmieri 35 0 2 3
2 Sean Monahan Jonathan Huberdeau Logan Shaw 30 0 2 3
3 Brayden Point Sven Baertschi Ondrej Kase 25 0 2 3
4 Anton Lander Eric Tangradi Nail Yakupov 10 0 2 3
5 vs 5 Defense
Defense Defense Time % Phy DF OF
1 Anton Stralman Kristopher Letang 38 1 3 1
2 Brandon Carlo Michael Del Zotto 32 1 3 1
3 Matt Donovan Thomas Hickey 30 1 3 1
4 Brandon Carlo Kristopher Letang 0 1 3 1
PowerPlay Forward
Center Left Wing Right Wing Time % Phy DF OF
1 Nazem Kadri Tyler Ennis Brayden Point 60 0 0 5
2 Sean Monahan Jonathan Huberdeau Ondrej Kase 40 0 0 5
PowerPlay Defense
Defense Defense Time % Phy DF OF
1 Michael Del Zotto Kristopher Letang 60 0 2 3
2 Thomas Hickey Matt Donovan 40 0 2 3
Penalty Kill 4 Players Forward
Center Wing Time % Phy DF OF
1 Anton Lander Eric Tangradi 60 1 3 1
2 Nazem Kadri Tyler Ennis 40 1 3 1
Penalty Kill 4 Players Defense
Defense Defense Time % Phy DF OF
1 Brandon Carlo Anton Stralman 60 1 4 0
2 Matt Donovan Thomas Hickey 40 1 4 0
Penalty Kill - 3 Players Forward
Forward Time % Phy DF OF
1 Nazem Kadri 60 0 4 1
2 Sean Monahan 40 0 4 1
Penalty Kill - 3 Players Defense
Defense Defense Time % Phy DF OF
1 Brandon Carlo Anton Stralman 60 1 4 0
2 Matt Donovan Kristopher Letang 40 1 4 0
4 vs 4 Forward
Center Wing Time % Phy DF OF
1 Nazem Kadri Tyler Ennis 60 0 2 3
2 Sean Monahan Jonathan Huberdeau 40 0 2 3
4 vs 4 Defense
Defense Defense Time % Phy DF OF
1 Anton Stralman Kristopher Letang 60 0 3 2
2 Brandon Carlo Michael Del Zotto 40 0 3 2
Last Minutes Offensive
Center Left Wing Right Wing Defense Defense
Nazem Kadri Tyler Ennis Nick Palmieri Brandon Carlo Kristopher Letang
Last Minutes Defensive
Center Left Wing Right Wing Defense Defense
Nazem Kadri Tyler Ennis Nick Palmieri Brandon Carlo Kristopher Letang
Goaltenders
Starting : Thomas McCollum
Backup : Jonathan Quick
Extra Forwards
Normal : Brayden Point, Nail Yakupov, Logan Shaw - PP : Nail Yakupov, Nick Palmieri - PK : Nick Palmieri
Extra Defensemen
Normal : Anton Stralman, Brandon Carlo, Michael Del Zotto - PP : Anton Stralman - PK : Anton Stralman, Thomas Hickey
Penalty Shots
Tyler Ennis, Sean Monahan, Nazem Kadri, Brayden Point, Nick Palmieri
Custom OT Lines Forwards
Nazem Kadri, Tyler Ennis, Jonathan Huberdeau, Sean Monahan, Brayden Point, Nick Palmieri, Logan Shaw, Ondrej Kase, Anton Lander, Nail Yakupov
Custom OT Lines Defensemen
Brandon Carlo, Kristopher Letang, Michael Del Zotto, Anton Stralman, Matt Donovan
Scratches
Damon Severson (Healthy), Miikka Salomaki (Healthy), Calvin Pickard (Healthy)
Bruins
5 vs 5 Forward
Center Left Wing Right Wing Time % Phy DF OF
1 Alexander Wennberg Gabriel Landeskog Zack Kassian 40 0 2 3
2 Jonathan Toews Wojtek Wolski Craig Smith 32 0 2 3
3 Casey Cizikas Eric Wellwood Mark Stone 19 1 2 2
4 Radek Faksa Taylor Beck Andreas Athanasiou 9 1 2 2
5 vs 5 Defense
Defense Defense Time % Phy DF OF
1 Jason Demers Torey Krug 40 1 2 2
2 Brendan Smith Madison Bowey 31 1 2 2
3 Josh Manson Adam Pelech 20 1 2 2
4 Jason Demers Torey Krug 9 1 2 2
PowerPlay Forward
Center Left Wing Right Wing Time % Phy DF OF
1 Jonathan Toews Wojtek Wolski Zack Kassian 60 0 2 3
2 Alexander Wennberg Gabriel Landeskog Craig Smith 40 0 2 3
PowerPlay Defense
Defense Defense Time % Phy DF OF
1 Jason Demers Torey Krug 60 0 2 3
2 Brendan Smith Madison Bowey 40 1 2 2
Penalty Kill 4 Players Forward
Center Wing Time % Phy DF OF
1 Zack Kassian Wojtek Wolski 60 0 3 2
2 Jonathan Toews Gabriel Landeskog 40 0 3 2
Penalty Kill 4 Players Defense
Defense Defense Time % Phy DF OF
1 Jason Demers Torey Krug 60 0 3 2
2 Brendan Smith Madison Bowey 40 0 3 2
Penalty Kill - 3 Players Forward
Forward Time % Phy DF OF
1 Zack Kassian 60 0 3 2
2 Wojtek Wolski 40 0 3 2
Penalty Kill - 3 Players Defense
Defense Defense Time % Phy DF OF
1 Jason Demers Torey Krug 60 0 4 1
2 Brendan Smith Madison Bowey 40 0 4 1
4 vs 4 Forward
Center Wing Time % Phy DF OF
1 Zack Kassian Wojtek Wolski 60 1 2 2
2 Jonathan Toews Gabriel Landeskog 40 1 2 2
4 vs 4 Defense
Defense Defense Time % Phy DF OF
1 Jason Demers Torey Krug 60 1 2 2
2 Brendan Smith Madison Bowey 40 1 2 2
Last Minutes Offensive
Center Left Wing Right Wing Defense Defense
Jonathan Toews Gabriel Landeskog Zack Kassian Jason Demers Torey Krug
Last Minutes Defensive
Center Left Wing Right Wing Defense Defense
Jonathan Toews Wojtek Wolski Zack Kassian Jason Demers Torey Krug
Goaltenders
Starting : Kevin Poulin
Backup : Tuukka Rask
Extra Forwards
Normal : Jonathan Toews, Gabriel Landeskog, Zack Kassian - PP : Casey Cizikas, Mark Stone - PK : Radek Faksa
Extra Defensemen
Normal : Josh Manson, Adam Pelech, Brendan Smith - PP : Josh Manson - PK : Adam Pelech, Brendan Smith
Penalty Shots
Zack Kassian, Gabriel Landeskog, Wojtek Wolski, Jonathan Toews, Alexander Wennberg
Custom OT Lines Forwards
Zack Kassian, Gabriel Landeskog, Wojtek Wolski, Jonathan Toews, Alexander Wennberg, Casey Cizikas, Craig Smith, Eric Wellwood, Mark Stone, Andreas Athanasiou
Custom OT Lines Defensemen
Jason Demers, Torey Krug, Brendan Smith, Madison Bowey, Josh Manson
Scratches
None
% Time on Ice - Devils
Lines # - Real PCT - Wanted PCT - Time Play
Normal Forward
1 - 34% - 35% - 17:44
2 - 26% - 30% - 13:33
3 - 22% - 25% - 11:31
4 - 17% - 10% - 8:55
Normal Defense
1 - 38% - 38% - 19:43
2 - 32% - 32% - 16:41
3 - 30% - 30% - 15:19
4 - 0% - 0% - 0:00
PP Forward
1 - 57% - 60% - 4:39
2 - 43% - 40% - 3:31
PP Defense
1 - 63% - 60% - 5:10
2 - 37% - 40% - 3:00
PK Forward
1 - 82% - 60% - 1:38
2 - 18% - 40% - 0:21
PK Defense
1 - 47% - 60% - 0:56
2 - 53% - 40% - 1:03
PK3 Forward
1 - 0% - 60%
2 - 0% - 40%
PK3 Defense
1 - 0% - 60%
2 - 0% - 40%
44 Forward
1 - 0% - 60%
2 - 0% - 40%
44 Defense
1 - 0% - 60%
2 - 0% - 40%
Last Minute Offensive - 0:00
Last Minute Defensive - 0:00
Total
Forward - 61:52
Defense - 61:52
|
% Time on Ice - Bruins
Lines # - Real PCT - Wanted PCT - Time Play
Normal Forward
1 - 34% - 40% - 17:33
2 - 27% - 32% - 14:10
3 - 25% - 19% - 12:55
4 - 14% - 9% - 7:05
Normal Defense
1 - 41% - 40% - 21:26
2 - 31% - 31% - 15:56
3 - 23% - 20% - 12:04
4 - 4% - 9% - 2:17
PP Forward
1 - 56% - 60% - 1:07
2 - 44% - 40% - 0:52
PP Defense
1 - 50% - 60% - 0:59
2 - 50% - 40% - 1:00
PK Forward
1 - 69% - 60% - 5:39
2 - 31% - 40% - 2:31
PK Defense
1 - 54% - 60% - 4:25
2 - 46% - 40% - 3:45
PK3 Forward
1 - 0% - 60%
2 - 0% - 40%
PK3 Defense
1 - 0% - 60%
2 - 0% - 40%
44 Forward
1 - 0% - 60%
2 - 0% - 40%
44 Defense
1 - 0% - 60%
2 - 0% - 40%
Last Minute Offensive - 0:00
Last Minute Defensive - 0:00
Total
Forward - 61:52
Defense - 61:52
|
Play-by-Play
1st period
0:01 of 1st period - Alexander Wennberg wins face-off versus Nazem Kadri in neutral zone.
0:43 of 1st period - Minor Penalty to Torey Krug for Holding.
0:44 of 1st period - Zack Kassian wins face-off versus Brayden Point in Bruins zone.
1:11 of 1st period - Michael Del Zotto is hit by Jason Demers and loses puck.
1:16 of 1st period - Wrist shot by Jonathan Toews.
1:16 of 1st period - Shot Blocked by Michael Del Zotto.
2:43 of 1st period - Penalty to Torey Krug is over, Torey Krug is back on ice.
3:11 of 1st period - Josh Manson is hit by Nazem Kadri and loses puck.
3:22 of 1st period - Sven Baertschi is hit by Zack Kassian and loses puck.
3:35 of 1st period - Sean Monahan is hit by Craig Smith and loses puck.
4:18 of 1st period - Mark Stone is hit by Brayden Point and loses puck.
4:47 of 1st period - Icing by Torey Krug.
4:48 of 1st period - Brayden Point wins face-off versus Casey Cizikas in Bruins zone.
5:05 of 1st period - Torey Krug is hit by Logan Shaw and loses puck.
5:29 of 1st period - Wrist shot by Tyler Ennis.
5:29 of 1st period - Shot Misses the Net.
5:45 of 1st period - Snap shot by Gabriel Landeskog.
5:45 of 1st period - Shot Misses the Net.
6:14 of 1st period - Off-side.
6:15 of 1st period - Nick Palmieri wins face-off versus Alexander Wennberg in neutral zone.
6:26 of 1st period - Zack Kassian is hit by Nick Palmieri and loses puck.
6:35 of 1st period - Nazem Kadri is hit by Zack Kassian and loses puck.
6:52 of 1st period - Wrist shot by Jonathan Toews.
6:52 of 1st period - Goal by Jonathan Toews - Devils : 0 - Bruins : 1.
6:53 of 1st period - Sean Monahan wins face-off versus Alexander Wennberg in neutral zone.
7:24 of 1st period - Snap shot by Wojtek Wolski.
7:24 of 1st period - Stopped by Thomas McCollum without a rebound.
7:25 of 1st period - Craig Smith wins face-off versus Nazem Kadri in Devils zone.
7:26 of 1st period - Snap shot by Wojtek Wolski.
7:26 of 1st period - Shot Blocked by Nick Palmieri.
7:38 of 1st period - Wrist shot by Nick Palmieri.
7:38 of 1st period - Shot Misses the Net.
7:40 of 1st period - Snap shot by Nick Palmieri.
7:40 of 1st period - Shot Misses the Net.
7:42 of 1st period - Snap shot by Matt Donovan.
7:42 of 1st period - Stopped by Kevin Poulin without a rebound.
7:43 of 1st period - Brayden Point wins face-off versus Alexander Wennberg in Bruins zone.
7:44 of 1st period - Snap shot by Ondrej Kase.
7:44 of 1st period - Goal by Ondrej Kase - Devils : 1 - Bruins : 1.
7:45 of 1st period - Gabriel Landeskog wins face-off versus Brayden Point in neutral zone.
7:47 of 1st period - Minor Penalty to Zack Kassian for High sticking.
7:48 of 1st period - Radek Faksa wins face-off versus Nazem Kadri in Bruins zone.
7:48 of 1st period - Radek Faksa is hit by Nazem Kadri.
7:53 of 1st period - Slapshot by Torey Krug.
7:53 of 1st period - Goal by Torey Krug - Devils : 1 - Bruins : 2.
7:54 of 1st period - Radek Faksa wins face-off versus Nazem Kadri in neutral zone.
8:33 of 1st period - Gabriel Landeskog is hit by Ondrej Kase and loses puck.
8:50 of 1st period - Brayden Point is hit by Brendan Smith and loses puck.
9:13 of 1st period - Wrist shot by Eric Wellwood.
9:13 of 1st period - Deflect By Radek Faksa.
9:13 of 1st period - Shot Misses the Net.
9:13 of 1st period - Puck is out of play.
9:14 of 1st period - Radek Faksa wins face-off versus Nazem Kadri in Devils zone.
9:47 of 1st period - Penalty to Zack Kassian is over, Zack Kassian is back on ice.
10:43 of 1st period - Wrist shot by Ondrej Kase.
10:43 of 1st period - Stopped by Kevin Poulin with a rebound.
12:18 of 1st period - Zack Kassian is hit by Sean Monahan and loses puck.
12:47 of 1st period - Wrist shot by Casey Cizikas.
12:47 of 1st period - Stopped by Thomas McCollum with a rebound.
12:49 of 1st period - Slapshot by Brendan Smith.
12:49 of 1st period - Shot Blocked by Anton Lander.
12:55 of 1st period - Torey Krug is hit by Nail Yakupov and loses puck.
13:48 of 1st period - Josh Manson is hit by Sven Baertschi and loses puck.
13:59 of 1st period - Sven Baertschi is hit by Adam Pelech.
14:20 of 1st period - Casey Cizikas is hit by Thomas Hickey and loses puck.
14:33 of 1st period - Nick Palmieri is hit by Jason Demers and loses puck.
14:45 of 1st period - Icing by Nazem Kadri.
14:46 of 1st period - Nazem Kadri wins face-off versus Jonathan Toews in Devils zone.
14:46 of 1st period - Nazem Kadri is hit by Jonathan Toews.
14:56 of 1st period - Craig Smith is hit by Tyler Ennis and loses puck.
15:35 of 1st period - Adam Pelech is hit by Anton Stralman and loses puck.
15:54 of 1st period - Wrist shot by Wojtek Wolski.
15:54 of 1st period - Shot Misses the Net.
16:01 of 1st period - Off-side.
16:02 of 1st period - Nazem Kadri wins face-off versus Alexander Wennberg in neutral zone.
16:29 of 1st period - Jonathan Toews is hit by Michael Del Zotto and loses puck.
16:38 of 1st period - Slapshot by Logan Shaw.
16:38 of 1st period - Stopped by Kevin Poulin with a rebound.
16:40 of 1st period - Backhand shot by Thomas Hickey.
16:40 of 1st period - Stopped by Kevin Poulin with a rebound.
16:54 of 1st period - Nail Yakupov is hit by Madison Bowey and loses puck.
17:03 of 1st period - Backhand shot by Mark Stone.
17:03 of 1st period - Shot Blocked by Anton Lander.
17:05 of 1st period - Slapshot by Brendan Smith.
17:05 of 1st period - Stopped by Thomas McCollum with a rebound.
17:25 of 1st period - Slapshot by Ondrej Kase.
17:25 of 1st period - Stopped by Kevin Poulin with a rebound.
17:35 of 1st period - Anton Stralman is hit by Radek Faksa.
18:08 of 1st period - Adam Pelech is hit by Jonathan Huberdeau and loses puck.
19:32 of 1st period - Slapshot by Jonathan Toews.
19:32 of 1st period - Stopped by Thomas McCollum with a rebound.
19:57 of 1st period - Slapshot by Thomas Hickey.
19:57 of 1st period - Stopped by Kevin Poulin without a rebound.
19:58 of 1st period - Tyler Ennis wins face-off versus Jonathan Toews in Bruins zone.
Goals for this period are 1 for Devils vs 2 for Bruins.
Shots for this period are 7 for Devils vs 6 for Bruins.
2nd period
0:01 of 2nd period - Nazem Kadri wins face-off versus Alexander Wennberg in neutral zone.
0:34 of 2nd period - Icing by Logan Shaw.
0:35 of 2nd period - Sean Monahan wins face-off versus Jonathan Toews in Devils zone.
0:46 of 2nd period - Wrist shot by Logan Shaw.
0:46 of 2nd period - Shot Misses the Net.
0:48 of 2nd period - Backhand shot by Jonathan Huberdeau.
0:48 of 2nd period - Goal by Jonathan Huberdeau - Devils : 2 - Bruins : 2.
0:49 of 2nd period - Nazem Kadri wins face-off versus Alexander Wennberg in neutral zone.
1:42 of 2nd period - Icing by Madison Bowey.
1:43 of 2nd period - Casey Cizikas wins face-off versus Nazem Kadri in Bruins zone.
1:48 of 2nd period - Slapshot by Madison Bowey.
1:48 of 2nd period - Shot Misses the Net.
2:11 of 2nd period - Snap shot by Ondrej Kase.
2:11 of 2nd period - Goal by Ondrej Kase - Devils : 3 - Bruins : 2.
2:12 of 2nd period - Alexander Wennberg wins face-off versus Nazem Kadri in neutral zone.
2:27 of 2nd period - Snap shot by Kristopher Letang.
2:27 of 2nd period - Stopped by Kevin Poulin with a rebound.
2:29 of 2nd period - Wrist shot by Nazem Kadri.
2:29 of 2nd period - Stopped by Kevin Poulin without a rebound.
2:30 of 2nd period - Jonathan Toews wins face-off versus Sean Monahan in Bruins zone.
2:44 of 2nd period - Snap shot by Craig Smith.
2:44 of 2nd period - Deflect By Wojtek Wolski.
2:44 of 2nd period - Shot Misses the Net.
2:44 of 2nd period - Puck is out of play.
2:45 of 2nd period - Alexander Wennberg wins face-off versus Brayden Point in Devils zone.
2:58 of 2nd period - Slapshot by Alexander Wennberg.
2:58 of 2nd period - Shot Misses the Net.
3:16 of 2nd period - Snap shot by Wojtek Wolski.
3:16 of 2nd period - Shot Misses the Net.
3:18 of 2nd period - Slapshot by Madison Bowey.
3:18 of 2nd period - Shot Misses the Net.
3:36 of 2nd period - Snap shot by Jonathan Huberdeau.
3:36 of 2nd period - Stopped by Kevin Poulin with a rebound.
3:42 of 2nd period - Wrist shot by Logan Shaw.
3:42 of 2nd period - Stopped by Kevin Poulin without a rebound.
3:43 of 2nd period - Alexander Wennberg wins face-off versus Sven Baertschi in Bruins zone.
3:43 of 2nd period - Alexander Wennberg is hit by Brandon Carlo.
3:49 of 2nd period - Snap shot by Brayden Point.
3:49 of 2nd period - Deflect By Sven Baertschi.
3:49 of 2nd period - Stopped by Kevin Poulin with a rebound.
3:51 of 2nd period - Snap shot by Brayden Point.
3:51 of 2nd period - Stopped by Kevin Poulin without a rebound.
3:52 of 2nd period - Alexander Wennberg wins face-off versus Brayden Point in Bruins zone.
3:52 of 2nd period - Alexander Wennberg is hit by Ondrej Kase.
4:12 of 2nd period - Jason Demers is hit by Brayden Point and loses puck.
4:21 of 2nd period - Snap shot by Sven Baertschi.
4:21 of 2nd period - Shot Hit the Post.
4:23 of 2nd period - Slapshot by Brandon Carlo.
4:23 of 2nd period - Stopped by Kevin Poulin with a rebound.
4:25 of 2nd period - Wrist shot by Michael Del Zotto.
4:25 of 2nd period - Shot Blocked by Jason Demers.
5:33 of 2nd period - Slapshot by Alexander Wennberg.
5:33 of 2nd period - Shot Misses the Net.
5:40 of 2nd period - Icing by Jason Demers.
5:41 of 2nd period - Alexander Wennberg wins face-off versus Nazem Kadri in Bruins zone.
6:04 of 2nd period - Wrist shot by Zack Kassian.
6:04 of 2nd period - Shot Misses the Net.
6:27 of 2nd period - Snap shot by Gabriel Landeskog.
6:27 of 2nd period - Stopped by Thomas McCollum with a rebound.
6:29 of 2nd period - Snap shot by Alexander Wennberg.
6:29 of 2nd period - Stopped by Thomas McCollum without a rebound.
6:30 of 2nd period - Jonathan Toews wins face-off versus Sean Monahan in Devils zone.
6:33 of 2nd period - Wrist shot by Wojtek Wolski.
6:33 of 2nd period - Goal by Wojtek Wolski - Devils : 3 - Bruins : 3.
6:34 of 2nd period - Sean Monahan wins face-off versus Jonathan Toews in neutral zone.
6:37 of 2nd period - Wojtek Wolski is hit by Logan Shaw and loses puck.
7:00 of 2nd period - Anton Stralman is hit by Radek Faksa and loses puck.
7:07 of 2nd period - Wrist shot by Radek Faksa.
7:07 of 2nd period - Deflect By Taylor Beck.
7:07 of 2nd period - Shot Misses the Net.
7:07 of 2nd period - Puck is out of play.
7:08 of 2nd period - Nazem Kadri wins face-off versus Jonathan Toews in Devils zone.
8:39 of 2nd period - Snap shot by Eric Wellwood.
8:39 of 2nd period - Shot Misses the Net.
8:41 of 2nd period - Slapshot by Torey Krug.
8:41 of 2nd period - Stopped by Thomas McCollum with a rebound.
8:55 of 2nd period - Slapshot by Tyler Ennis.
8:55 of 2nd period - Shot Misses the Net.
9:52 of 2nd period - Madison Bowey is hit by Nazem Kadri and loses puck.
9:57 of 2nd period - Slapshot by Tyler Ennis.
9:57 of 2nd period - Shot Blocked by Radek Faksa.
10:39 of 2nd period - Snap shot by Brendan Smith.
10:39 of 2nd period - Shot Blocked by Kristopher Letang.
10:58 of 2nd period - Casey Cizikas is hit by Sven Baertschi and loses puck.
12:03 of 2nd period - Kristopher Letang is hit by Craig Smith and loses puck.
12:23 of 2nd period - Off-side.
12:24 of 2nd period - Sean Monahan wins face-off versus Casey Cizikas in neutral zone.
12:37 of 2nd period - Snap shot by Michael Del Zotto.
12:37 of 2nd period - Stopped by Kevin Poulin with a rebound.
13:14 of 2nd period - Michael Del Zotto is hit by Wojtek Wolski and loses puck.
13:19 of 2nd period - Slapshot by Wojtek Wolski.
13:19 of 2nd period - Shot Misses the Net.
13:59 of 2nd period - Nail Yakupov is hit by Zack Kassian and loses puck.
14:04 of 2nd period - Snap shot by Zack Kassian.
14:04 of 2nd period - Shot Blocked by Matt Donovan.
14:06 of 2nd period - Snap shot by Alexander Wennberg.
14:06 of 2nd period - Shot Blocked by Nail Yakupov.
14:08 of 2nd period - Snap shot by Gabriel Landeskog.
14:08 of 2nd period - Shot Misses the Net.
14:46 of 2nd period - Slapshot by Craig Smith.
14:46 of 2nd period - Stopped by Thomas McCollum with a rebound.
14:58 of 2nd period - Wrist shot by Tyler Ennis.
14:58 of 2nd period - Stopped by Kevin Poulin with a rebound.
15:14 of 2nd period - Wrist shot by Taylor Beck.
15:14 of 2nd period - Stopped by Thomas McCollum without a rebound.
15:15 of 2nd period - Sean Monahan wins face-off versus Alexander Wennberg in Devils zone.
15:15 of 2nd period - Sean Monahan is hit by Alexander Wennberg.
15:27 of 2nd period - Slapshot by Adam Pelech.
15:27 of 2nd period - Shot Misses the Net.
15:29 of 2nd period - Slapshot by Josh Manson.
15:29 of 2nd period - Shot Misses the Net.
15:31 of 2nd period - Snap shot by Gabriel Landeskog.
15:31 of 2nd period - Stopped by Thomas McCollum with a rebound.
15:38 of 2nd period - Icing by Kristopher Letang.
15:39 of 2nd period - Jonathan Toews wins face-off versus Sean Monahan in Devils zone.
16:56 of 2nd period - Wrist shot by Taylor Beck.
16:56 of 2nd period - Shot Misses the Net.
16:58 of 2nd period - Wrist shot by Taylor Beck.
16:58 of 2nd period - Shot Blocked by Eric Tangradi.
17:00 of 2nd period - Slapshot by Josh Manson.
17:00 of 2nd period - Stopped by Thomas McCollum without a rebound.
17:01 of 2nd period - Alexander Wennberg wins face-off versus Nazem Kadri in Devils zone.
17:04 of 2nd period - Slapshot by Gabriel Landeskog.
17:04 of 2nd period - Stopped by Thomas McCollum without a rebound.
17:05 of 2nd period - Alexander Wennberg wins face-off versus Nazem Kadri in Devils zone.
17:31 of 2nd period - Off-side.
17:32 of 2nd period - Sean Monahan wins face-off versus Jonathan Toews in neutral zone.
18:01 of 2nd period - Wrist shot by Mark Stone.
18:01 of 2nd period - Shot Misses the Net.
18:15 of 2nd period - Brendan Smith is hit by Brayden Point and loses puck.
18:32 of 2nd period - Snap shot by Gabriel Landeskog.
18:32 of 2nd period - Stopped by Thomas McCollum without a rebound.
18:33 of 2nd period - Alexander Wennberg wins face-off versus Nazem Kadri in Devils zone.
18:38 of 2nd period - Snap shot by Zack Kassian.
18:38 of 2nd period - Stopped by Thomas McCollum with a rebound.
19:09 of 2nd period - Snap shot by Tyler Ennis.
19:09 of 2nd period - Shot Blocked by Jason Demers.
19:11 of 2nd period - Snap shot by Nazem Kadri.
19:11 of 2nd period - Stopped by Kevin Poulin without a rebound.
19:12 of 2nd period - Jonathan Toews wins face-off versus Logan Shaw in Bruins zone.
19:45 of 2nd period - Wrist shot by Casey Cizikas.
19:45 of 2nd period - Shot Misses the Net.
Goals for this period are 2 for Devils vs 1 for Bruins.
Shots for this period are 12 for Devils vs 11 for Bruins.
3rd period
0:01 of 3rd period - Nazem Kadri wins face-off versus Alexander Wennberg in neutral zone.
0:32 of 3rd period - Snap shot by Mark Stone.
0:32 of 3rd period - Stopped by Thomas McCollum with a rebound.
0:34 of 3rd period - Slapshot by Brendan Smith.
0:34 of 3rd period - Shot Blocked by Nazem Kadri.
0:36 of 3rd period - Snap shot by Casey Cizikas.
0:36 of 3rd period - Stopped by Thomas McCollum with a rebound.
0:38 of 3rd period - Slapshot by Madison Bowey.
0:38 of 3rd period - Stopped by Thomas McCollum with a rebound.
0:40 of 3rd period - Wrist shot by Casey Cizikas.
0:40 of 3rd period - Stopped by Thomas McCollum without a rebound.
0:41 of 3rd period - Jonathan Toews wins face-off versus Sean Monahan in Devils zone.
0:48 of 3rd period - Snap shot by Jonathan Toews.
0:48 of 3rd period - Deflect By Craig Smith.
0:48 of 3rd period - Shot Misses the Net.
0:48 of 3rd period - Puck is out of play.
0:49 of 3rd period - Jonathan Toews wins face-off versus Sean Monahan in Devils zone.
1:00 of 3rd period - Wrist shot by Craig Smith.
1:00 of 3rd period - Stopped by Thomas McCollum with a rebound.
1:02 of 3rd period - Slapshot by Madison Bowey.
1:02 of 3rd period - Stopped by Thomas McCollum with a rebound.
1:04 of 3rd period - Snap shot by Wojtek Wolski.
1:04 of 3rd period - Shot Blocked by Matt Donovan.
1:06 of 3rd period - Wrist shot by Craig Smith.
1:06 of 3rd period - Shot Misses the Net.
1:14 of 3rd period - Snap shot by Wojtek Wolski.
1:14 of 3rd period - Stopped by Thomas McCollum without a rebound.
1:15 of 3rd period - Nazem Kadri wins face-off versus Alexander Wennberg in Devils zone.
2:31 of 3rd period - Wrist shot by Alexander Wennberg.
2:31 of 3rd period - Shot Blocked by Nail Yakupov.
2:33 of 3rd period - Slapshot by Madison Bowey.
2:33 of 3rd period - Stopped by Thomas McCollum without a rebound.
2:34 of 3rd period - Nazem Kadri wins face-off versus Alexander Wennberg in Devils zone.
3:19 of 3rd period - Minor Penalty to Mark Stone for Tripping.
3:20 of 3rd period - Sean Monahan wins face-off versus Zack Kassian in Bruins zone.
4:49 of 3rd period - Radek Faksa is hit by Kristopher Letang and loses puck.
5:19 of 3rd period - Penalty to Mark Stone is over, Mark Stone is back on ice.
5:32 of 3rd period - Nail Yakupov is hit by Adam Pelech and loses puck.
5:39 of 3rd period - Wrist shot by Taylor Beck.
5:39 of 3rd period - Stopped by Thomas McCollum with a rebound.
6:07 of 3rd period - Kristopher Letang is hit by Torey Krug and loses puck.
6:28 of 3rd period - Snap shot by Wojtek Wolski.
6:28 of 3rd period - Stopped by Thomas McCollum with a rebound.
6:40 of 3rd period - Brandon Carlo is hit by Taylor Beck and loses puck.
7:16 of 3rd period - Anton Stralman is hit by Gabriel Landeskog.
9:14 of 3rd period - Taylor Beck is hit by Sean Monahan and loses puck.
9:40 of 3rd period - Jonathan Toews is hit by Kristopher Letang and loses puck.
10:08 of 3rd period - Minor Penalty to Adam Pelech for Holding Stick.
10:09 of 3rd period - Zack Kassian wins face-off versus Nazem Kadri in Bruins zone.
10:17 of 3rd period - Backhand shot by Thomas Hickey.
10:17 of 3rd period - Shot Blocked by Torey Krug.
10:19 of 3rd period - Wrist shot by Brayden Point.
10:19 of 3rd period - Shot Misses the Net.
10:21 of 3rd period - Snap shot by Tyler Ennis.
10:21 of 3rd period - Shot Misses the Net.
10:23 of 3rd period - Snap shot by Brayden Point.
10:23 of 3rd period - Shot Misses the Net.
10:25 of 3rd period - Slapshot by Thomas Hickey.
10:25 of 3rd period - Stopped by Kevin Poulin with a rebound.
11:09 of 3rd period - Snap shot by Torey Krug.
11:09 of 3rd period - Shot Misses the Net.
11:11 of 3rd period - Slapshot by Jason Demers.
11:11 of 3rd period - Stopped by Thomas McCollum with a rebound.
11:13 of 3rd period - Snap shot by Eric Wellwood.
11:13 of 3rd period - Stopped by Thomas McCollum without a rebound.
11:14 of 3rd period - Sean Monahan wins face-off versus Radek Faksa in Devils zone.
11:35 of 3rd period - Wojtek Wolski is hit by Nazem Kadri and loses puck.
12:08 of 3rd period - Penalty to Adam Pelech is over, Adam Pelech is back on ice.
12:08 of 3rd period - Off-side.
12:09 of 3rd period - Casey Cizikas wins face-off versus Sean Monahan in neutral zone.
12:22 of 3rd period - Wrist shot by Mark Stone.
12:22 of 3rd period - Stopped by Thomas McCollum without a rebound.
12:23 of 3rd period - Alexander Wennberg wins face-off versus Sean Monahan in Devils zone.
13:13 of 3rd period - Snap shot by Matt Donovan.
13:13 of 3rd period - Stopped by Kevin Poulin without a rebound.
13:14 of 3rd period - Casey Cizikas wins face-off versus Nazem Kadri in Bruins zone.
13:35 of 3rd period - Wrist shot by Tyler Ennis.
13:35 of 3rd period - Shot Blocked by Jason Demers.
13:37 of 3rd period - Backhand shot by Kristopher Letang.
13:37 of 3rd period - Stopped by Kevin Poulin with a rebound.
13:53 of 3rd period - Wrist shot by Eric Wellwood.
13:53 of 3rd period - Stopped by Thomas McCollum with a rebound.
14:03 of 3rd period - Snap shot by Casey Cizikas.
14:03 of 3rd period - Shot Misses the Net.
14:05 of 3rd period - Slapshot by Torey Krug.
14:05 of 3rd period - Shot Misses the Net.
14:07 of 3rd period - Wrist shot by Casey Cizikas.
14:07 of 3rd period - Stopped by Thomas McCollum with a rebound.
14:30 of 3rd period - Minor Penalty to Michael Del Zotto for Holding.
14:31 of 3rd period - Anton Lander wins face-off versus Jonathan Toews in Devils zone.
14:46 of 3rd period - Snap shot by Jonathan Toews.
14:46 of 3rd period - Stopped by Thomas McCollum without a rebound.
14:47 of 3rd period - Jonathan Toews wins face-off versus Anton Lander in Devils zone.
14:48 of 3rd period - Wrist shot by Zack Kassian.
14:48 of 3rd period - Stopped by Thomas McCollum with a rebound.
15:12 of 3rd period - Brandon Carlo is hit by Brendan Smith and loses puck.
16:30 of 3rd period - Penalty to Michael Del Zotto is over, Michael Del Zotto is back on ice.
16:44 of 3rd period - Off-side.
16:45 of 3rd period - Radek Faksa wins face-off versus Brayden Point in neutral zone.
16:48 of 3rd period - Brayden Point is hit by Andreas Athanasiou and loses puck.
18:47 of 3rd period - Snap shot by Jonathan Huberdeau.
18:47 of 3rd period - Shot Misses the Net.
Goals for this period are 0 for Devils vs 0 for Bruins.
Shots for this period are 3 for Devils vs 17 for Bruins.
Overtime #1
0:01 of 1st overtime period - Zack Kassian wins face-off versus Sean Monahan in neutral zone.
1:12 of 1st overtime period - Snap shot by Taylor Beck.
1:12 of 1st overtime period - Stopped by Thomas McCollum with a rebound.
1:14 of 1st overtime period - Slapshot by Jason Demers.
1:14 of 1st overtime period - Stopped by Thomas McCollum without a rebound.
1:15 of 1st overtime period - Sean Monahan wins face-off versus Radek Faksa in Devils zone.
1:30 of 1st overtime period - Wrist shot by Sean Monahan.
1:30 of 1st overtime period - Stopped by Kevin Poulin without a rebound.
1:31 of 1st overtime period - Nazem Kadri wins face-off versus Alexander Wennberg in Bruins zone.
1:34 of 1st overtime period - Wrist shot by Nazem Kadri.
1:34 of 1st overtime period - Deflect By Nick Palmieri.
1:34 of 1st overtime period - Shot Misses the Net.
1:34 of 1st overtime period - Puck is out of play.
1:35 of 1st overtime period - Alexander Wennberg wins face-off versus Nazem Kadri in Bruins zone.
1:37 of 1st overtime period - Minor Penalty to Zack Kassian for High sticking.
1:38 of 1st overtime period - Nazem Kadri wins face-off versus Radek Faksa in Bruins zone.
1:44 of 1st overtime period - Wrist shot by Brayden Point.
1:44 of 1st overtime period - Shot Misses the Net.
1:46 of 1st overtime period - Snap shot by Brayden Point.
1:46 of 1st overtime period - Shot Misses the Net.
1:48 of 1st overtime period - Wrist shot by Brayden Point.
1:48 of 1st overtime period - Stopped by Kevin Poulin with a rebound.
1:52 of 1st overtime period - Slapshot by Brayden Point.
1:52 of 1st overtime period - Goal by Brayden Point - Devils : 4 - Bruins : 3.
Goals for this period are 1 for Devils vs 0 for Bruins.
Shots for this period are 3 for Devils vs 2 for Bruins.